 Dungeon Crawl Stone Soup version 0.19-a0-519-gb6a5606 (webtiles) character file.

1149229 Pfff the Conqueror (level 27, -26/253 (273) HPs)
             Began as a Minotaur Fighter on June 5, 2016.
             Was the Champion of Okawaru.
             Killed by dispel undead
             ... invoked by a Tzitzimitl
              (36 damage)
             ... on level 7 of Tartarus on June 7, 2016.
             The game lasted 08:32:50 (121718 turns).

Pfff the Conqueror (Minotaur Fighter)             Turns: 121718, Time: 08:32:51

HP:   -26/253 (273) AC: 51    Str: 44    XL:     27
MP:   26/35         EV: 38    Int: 20    God:    Okawaru [******]
Gold: 9931          SH: 27    Dex: 19    Spells: 11 memorised, 25 levels left

rFire  + + +     SeeInvis +     X - +18 lance "Wyrmbane" {slay drac, +Rage rPois rF+ AC+5}
rCold  + + +     Gourm    +     C - +9 shadow dragon armour of the Valley of Death {*Corrode rF+++ MR++ SInv Stlth++++}
rNeg   + + +     Faith    .     u - +5 shield "Juoluet" {Str+4 Int+7 Dex+4}
rPois  ∞         Spirit   .     I - -2 hat of the Alchemist {rElec rPois rF+ rC+ rN+ MR+ rMut rCorr}
rElec  +         Dismiss  .     p - +2 cloak of the Armoured One {rN++}
rCorr  +         Reflect  .     o - +2 pair of gloves of the Circus Animal {rN+ MP-9 Str+8 Stlth-}
rMut   +         Harm     .     c - +1 pair of boots "Nin Punn" {rElec Int+4 Dex+3}
SustAt .                        m - amulet of the Immovable Runes {Gourm rPois MR++ Dex+4}
MR     +++++                    a - +6 ring of evasion
Stlth  +++.......               d - ring of the Evil One {rC+ rN+ MR- Str+4}

@: about to teleport, lich-form, heroism, finesse, very slightly contaminated,
hasted and slowed, repel missiles, almost entirely resistant to hostile
enchantments, fairly stealthy
A: retaliatory headbutt, horns 2, blurry vision 1, clumsy 2, fire resistance 2,
subdued magic 1
a: End Transformation, Heroism, Finesse, Renounce Religion
}: 8/15 runes: decaying, slimy, silver, iron, obsidian, icy, abyssal, gossamer


You were on level 7 of Tartarus.
You worshipped Okawaru.
Okawaru was exalted by your worship.
You were not hungry.
You were a lich.
You visited 17 branches of the dungeon, and saw 90 of its levels.
You visited the Abyss 2 times.
You visited 1 ziggurat, and saw 14 of its levels.
You also visited: Bailey, Ice Cave and Volcano.

You collected 11985 gold pieces.
You spent 2054 gold pieces at shops.

Inventory:

Hand Weapons
 F - a +9 broad axe of chopping
 X - the +18 lance "Wyrmbane" (weapon) {slay drac, +Rage rPois rF+ AC+5}
   (You found it on level 3 of the Elven Halls)

   It affects your AC (+5).
   It protects you from fire.
   It protects you from poison.
   It lets you go berserk.
Armour
 c - the +1 pair of boots "Nin Punn" (worn) {rElec Int+4 Dex+3}
   (You found it on level 6 of a ziggurat)

   It affects your intelligence (+4).
   It affects your dexterity (+3).
   It insulates you from electricity.
 o - the +2 pair of gloves of the Circus Animal (worn) {rN+ MP-9 Str+8 Stlth-}
   (Okawaru gifted it to you on level 1 of the Spider Nest)

   It affects your strength (+8).
   It protects you from negative energy.
   It affects your magic capacity (-9).
   It makes you less stealthy.
 p - the +2 cloak of the Armoured One (worn) {rN++}
   (You found it on level 5 of the Vaults)

   It greatly protects you from negative energy.
 u - the +5 shield "Juoluet" (worn) {Str+4 Int+7 Dex+4}
   (Okawaru gifted it to you on level 1 of the Vaults)

   It affects your strength (+4).
   It affects your intelligence (+7).
   It affects your dexterity (+4).
 C - the +9 shadow dragon armour of the Valley of Death (worn) {*Corrode rF+++ MR++ SInv Stlth++++}
   (Okawaru gifted it to you on level 4 of the Spider Nest)

   It renders you almost immune to fire.
   It affects your resistance to hostile enchantments.
   It lets you see invisible.
   It may corrode you when you take damage.
   It makes you much more stealthy.
 I - the -2 hat of the Alchemist (worn) {rElec rPois rF+ rC+ rN+ MR+ rMut rCorr}
   (You found it on level 5 of the Vaults)

   It protects you from fire.
   It protects you from cold.
   It insulates you from electricity.
   It protects you from poison.
   It protects you from negative energy.
   It affects your resistance to hostile enchantments.
   It protects you from acid and corrosion.
   It protects you from mutation.
 Q - a +2 pair of boots of flying
Jewellery
 a - a +6 ring of evasion (right hand)
 d - the ring of the Evil One (left hand) {rC+ rN+ MR- Str+4}
   (You took it off an orc on level 3 of the Crypt)

   [ring of positive energy]

   It affects your strength (+4).
   It protects you from cold.
   It protects you from negative energy.
   It affects your resistance to hostile enchantments.
 m - the amulet of the Immovable Runes (around neck) {Gourm rPois MR++ Dex+4}
   (You found it on level 3 of the Vaults)

   [amulet of the gourmand]

   It allows you to eat raw meat even when not hungry.
   It affects your dexterity (+4).
   It protects you from poison.
   It affects your resistance to hostile enchantments.
Wands
 b - a wand of teleportation (6/9)
 i - a wand of hasting (5/9)
 k - a wand of digging (10/24)
 L - a wand of disintegration (6/24)
Scrolls
 g - 43 scrolls of remove curse
 l - 10 scrolls of fog
 v - 4 scrolls of identify
 w - 9 scrolls of magic mapping
 x - a scroll of silence
 y - 3 scrolls of holy word
 E - 10 scrolls of recharging
 K - 12 scrolls of blinking
 N - 19 scrolls of teleportation
Potions
 e - 2 potions of magic
 j - 15 potions of curing
 q - 2 potions of heal wounds
 t - 4 potions of brilliance
 D - 2 potions of resistance
 J - a potion of haste
 O - 5 potions of cure mutation
Miscellaneous
 B - the horn of Geryon
Comestibles
 n - 33 meat rations


   Skills:
 O Level 27 Fighting
 O Level 27 Axes
 - Level 23.2(27) Polearms
 O Level 27 Armour
 + Level 26.5(27) Dodging
 - Level 25.0(27) Shields
 + Level 18.7 Spellcasting
 - Level 9.6 Hexes
 + Level 16.8 Necromancy
 - Level 15.0 Translocations
 * Level 11.3 Transmutations
 - Level 14.0 Ice Magic
 - Level 4.0 Invocations
 - Level 5.0 Evocations


You had 25 spell levels left.
You knew the following spells:

 Your Spells              Type           Power        Failure   Level  Hunger
a - Apportation           Tloc           ######....   0%          1    N/A
b - Freezing Cloud        Conj/Ice/Air   ####......   91%         6    N/A
c - Mephitic Cloud        Conj/Pois/Air  ##......     12%         3    N/A
d - Blink                 Tloc           N/A          0%          2    N/A
e - Shroud of Golubria    Chrm/Tloc      #####.....   1%          2    N/A
f - Song of Slaying       Chrm           ##......     8%          2    N/A
g - Necromutation         Tmut/Necr      ######....   87%         8    N/A
h - Regeneration          Chrm/Necr      ######....   1%          3    N/A
i - Silence               Hex/Air        ####......   14%         5    N/A
j - Repel Missiles        Chrm/Air       ##....       8%          2    N/A
k - Passage of Golubria   Tloc           N/A          1%          4    N/A

Dungeon Overview and Level Annotations

Branches:
Dungeon (15/15)            Temple (1/1) D:6            Lair (8/8) D:8
  Swamp (4/4) Lair:5       Spider (4/4) Lair:4        Slime (6/6) Lair:7
    Orc (2/2) D:10            Elf (3/3) Orc:2        Vaults (5/5) D:13
  Crypt (3/3) Vaults:2       Tomb (0/3) Crypt:3      Depths (5/5) D:15
   Hell (1/1)                 Dis (7/7) Hell            Geh (7/7) Hell
    Coc (7/7) Hell            Tar (7/7) Hell            Zot (5/5) Depths:5

Altars:
Ashenzari
Cheibriados
Dithmenos
Elyvilon
Fedhas
Gozag
Hepliaklqana
Kikubaaqudgha
Makhleb
Nemelex Xobeh
Okawaru
Pakellas
Qazlal
Ru
Sif Muna
Trog
Uskayaw
Vehumet
Xom
Yredelemnul
Zin
The Shining One
Jiyva

Shops:
Orc:2 !?}!   Elf:1 =}[=%   Elf:3 *   Vaults:1 :   Vaults:5 [   Depths:1 [}}
Depths:4 *

Portals:
Hell: Depths:1 Depths:2 Depths:3 Depths:4 Depths:5
Abyss: Depths:4
Pandemonium: Depths:1 Depths:2 Depths:3 Depths:5

Annotations:
Geh:7 2 exclusions


Innate Abilities, Weirdness & Mutations

You reflexively headbutt those who attack you in melee.
You have a pair of horns on your head.
Scrolls take you a little longer to read.
You are very clumsy. (Dex -4)
Your flesh is very heat resistant. (rF++)
Your spells are a little easier to cast, but a little less powerful.


Message History

The shadow demon completely misses you.
The skeletal warrior completely misses you.
You furiously retaliate!
You headbutt the skeletal warrior. The sun demon completely misses you.
The reaper hits you from afar with a scythe of venom!!
* * * LOW HITPOINT WARNING * * *
As you read the scroll of teleportation, it crumbles to dust.
You feel strangely unstable.
You can't drink.
Unknown command.
Casting: Necromutation
Confirm with . or Enter, or press ? or * to list all spells.
Aiming: Passage of Golubria
Press: ? - help, Dir - move target cursor The shadow demon closely misses you.
You furiously retaliate!
You headbutt the shadow demon, but do no damage.
You block the wraith's attack. The Tzitzimitl gestures at you.
You convulse!
You die...

**,,,**,,*+*,,,,,,,,*+*,,**,,,***
,***,,**+*#.........,**+**,,***,,
,,,**,,,,*,.........,,*,,,,**,,,*
**,,**,,**,,1......,,,**,,**,,***
,**,,*,,*,,,,......,,,,*,,*,,**,,
,,*#.##.#,,,,,z4VZ,,,,,*,**,**,,*
*,,*..#.#,,,,##4Z##,,,,*,*,,*,,**
##.##.#.#,,,##2223##,,,*,*,**,**,
.#..#.#.##,,#W41LW^#,,**,*,*,,*,,
.##.#....#,##ZW2zWZ##,*,,,,*,**,*
..#.#....#,#Z32W1Wz.#,*,,,,*,*,,,
#.#.#....#,#..432...#,*,,,,*,*,**
#.#.#))..#,#........#,*,,,,*,*,*,
#...#.##.#####''''###**,**,*,,,*,
###.#(#...##.....z..##,,,*+*,***,
..#)).#...#.^........#,,,*,,,*,,*
..######..#..#....#..#,,******,,*


You could see 3 Tzitzimimeh, 2 reapers, a vampire knight (invisible), 3 skeletal
warriors, a soul eater, 2 sun demons, 4 shadow demons, 2 phantasmal warriors, a
hellwing, an ice devil, a rust devil, a freezing wraith, a sixfirhy, 2 wraiths,
a shadow (invisible), a flying skull, an ice dragon zombie, a golden dragon
zombie, an anaconda skeleton, a centaur skeleton and a fire giant skeleton.

Vanquished Creatures
  Antaeus (Coc:7)
  Asmodeus (Geh:7)
  the Royal Jelly (Slime:6)
  Ereshkigal (Tar:7)
  Dissolution (Slime:3)
  the Serpent of Hell (Dis:7)
  12 ancient liches
  Khufu (Crypt:3)
  7 orbs of fire
  Mara (Crypt:3)
  A juggernaut (Zig:10)
  Mennas (Depths:4)
  4 greater mummies
  Margery (Vaults:4)
  21 shard shrikes
  5 Killer Klowns
  Geryon (Hell)
  A curse toe (Zot:5)
  Saint Roka (Crypt:3)
  14 golden dragons
  Jory (Crypt:3)
  35 Tzitzimimeh
  Arachne (Spider:4)
  10 iron giants
  Xtahua (Vaults:3)
  4 electric golems
  18 bone dragons
  15 doom hounds
  2 hellephants (Abyss:3)
  31 Brimstone Fiends
  Jorgrun (Vaults:3)
  13 Hell Sentinels
  13 liches
  12 tentacled monstrosities
  26 Ice Fiends
  3 pandemonium lords
  2 deep elf blademasters
  25 Orb Guardians (Zot:5)
  3 titans (Vaults:5)
  A quicksilver dragon (Depths:3)
  2 deep elf master archers
  34 acid blobs
  5 sphinxes
  Gastronok (Lair:2)
  6 death cobs
  5 tentacled starspawn
  3 thorn hunters (Swamp:4)
  8 ancient champions
  5 Executioners
  11 eldritch tentacles
  10 shadow dragons
  2 daevas (Depths:5)
  2 draconian monks
  9 tengu reavers
  6 revenants
  15 azure jellies
  Roxanne (Elf:1)
  The ghost of Bronet the Spry, an adept SpEn of Dithmenos (Elf:2)
  Wiglaf (Depths:3)
  14 fire giants
  17 frost giants
  Donald (Crypt:2)
  14 storm dragons
  5 deep elf sorcerers
  9 emperor scorpions
  2 draconian scorchers (Zot:1)
  27 large abominations
  12 iron dragons
  6 orc warlords
  17 vault wardens
  Louise (Spider:4)
  11 cacodemons
  8 ghost moths
  17 balrugs
  4 draconian knights
  5 curse skulls
  7 deep elf elementalists
  2 angels (Depths:5)
  A spriggan defender (Depths:5)
  5 ghouls
  A caustic shrike zombie (Crypt:1)
  13 very ugly things
  37 stone giants
  21 ironheart preservers
  A caustic shrike skeleton (Crypt:1)
  6 draconian annihilators
  7 draconian shifters
  91 reapers
  5 draconian callers
  5 draconian zealots
  3 war gargoyles
  8 vampire knights
  5 elemental wellsprings
  5 black draconians
  10 deep elf demonologists
  11 dire elephants
  10 mottled draconians
  Azrael (Spider:2)
  4 lorocyprocas
  9 white draconians
  9 green draconians
  3 spark wasps
  11 yellow draconians
  15 deep elf annihilators
  16 purple draconians
  A black sun (Zig:6)
  10 red draconians
  7 eidola
  2 mummy priests
  7 crystal guardians
  6 deep elf death magi
  7 death oozes
  35 blizzard demons
  2 green deaths
  8 jiangshi
  12 quicksilver dragon zombies
  A minotaur (shapeshifter) (D:15)
  12 ettins
  14 fire dragons
  37 vault guards
  A spectral kraken (Tar:7)
  Josephine (D:11)
  14 deep elf high priests
  5 rakshasas
  18 great orbs of eyes
  18 yaktaur captains
  5 kraken zombies
  25 hydras
  2 hell beasts
  7 entropy weavers
  3 spriggan air magi
  2 naga warriors (Abyss:3)
  38 ice dragons
  4 catoblepae
  9 quicksilver dragon skeletons
  Erica (Orc:1)
  7 ghost crabs
  14 centaur warriors
  An anaconda (Lair:8)
  A spectral frost giant (Crypt:3)
  8 death knights
  A queen ant (Lair:5)
  24 ogre magi
  12 alligators
  39 dancing weapons
  21 titan zombies
  7 deep troll shamans
  5 orc high priests
  A death yak (Lair:4)
  23 hell hogs
  5 deep troll earth magi
  23 small abominations
  3 spriggan berserkers
  8 tengu warriors
  14 vampire magi
  Sonja (D:14)
  6 thrashing horrors
  30 deep elf knights
  An iron giant skeleton (Zig:9)
  Urug (Orc:1)
  3 iron golems
  11 storm dragon zombies
  31 soul eaters
  17 sun demons
  195 skeletal warriors
  19 iron trolls
  8 wretched stars
  21 shadow wraiths
  A salamander mystic (Depths:3)
  18 titan skeletons
  97 hell knights
  8 golden dragon zombies
  3 storm dragon skeletons
  4 fire crabs
  6 wizards
  4 spatial maelstroms
  13 swamp dragons
  24 deep trolls
  57 starcursed masses
  4 spriggan druids
  A swamp dragon (shapeshifter) (Vaults:1)
  3 quicksilver dragon simulacra
  3 unseen horrors
  22 anaconda zombies
  2 death drakes
  6 ghost moth zombies
  An orange crystal statue (Zig:6)
  28 deep elf archers
  10 giant orange brains
  31 flayed ghosts
  12 shadow dragon zombies
  10 golden dragon skeletons
  A sphinx zombie (Hell)
  25 shadow demons
  12 ironbrand convokers
  18 orc knights
  10 hill giants
  11 wolf spider zombies
  2 lindwurms (Swamp:4)
  An obsidian statue (Zot:5)
  45 phantasmal warriors
  5 harpies
  16 anaconda skeletons
  2 tengu zombies
  Pikel (D:7)
  17 orb spiders
  4 shining eyes
  4 shadow dragon skeletons
  15 iron dragon zombies
  3 tengu skeletons
  29 necromancers
  10 orc sorcerers
  2 hornets (shapeshifter)
  48 ugly things
  11 frost giant zombies
  9 griffons
  2 oklob plants
  42 wolf spiders
  A manticore (D:11)
  83 deep elf magi
  6 hornets
  9 iron dragon skeletons
  19 fire giant zombies
  A sphinx skeleton (Crypt:2)
  5 salamanders
  A salamander (shapeshifter) (Vaults:3)
  9 stone giant skeletons
  6 worldbinders
  12 cyclopes
  20 stone giant zombies
  7 black mambas
  An elephant (shapeshifter) (Vaults:5)
  A faun (shapeshifter) (Depths:2)
  17 moths of wrath
  4 sixfirhies
  2 apocalypse crabs (Abyss:2)
  18 frost giant skeletons
  A moth of wrath (shapeshifter) (Zig:7)
  5 centaur zombies
  4 human skeletons
  16 elephants
  An eye of devastation (Slime:2)
  13 fire giant skeletons
  55 rust devils
  4 shock serpent zombies
  A guardian serpent (shapeshifter) (Elf:3)
  2 guardian serpents
  3 naga magi (Vaults:2)
  11 smoke demons
  13 dire elephant zombies
  2 octopodes (shapeshifter)
  17 vault sentinels
  Psyche (D:11)
  23 spiny frogs
  5 torpor snails
  4 orange demons
  54 hellions
  6 catoblepas zombies
  5 ice statues
  11 molten gargoyles
  3 shock serpent skeletons
  12 dire elephant skeletons
  7 spectral swamp worms (Tar:7)
  A rime drake (shapeshifter) (Vaults:2)
  7 gargoyles
  A storm dragon simulacrum (Coc:6)
  8 emperor scorpion zombies
  3 kobold demonologists
  11 efreet
  A white draconian zombie (Crypt:2)
  5 rime drakes
  87 freezing wraiths
  44 yaktaurs
  12 komodo dragons
  29 hydra zombies
  7 demonic crawlers
  A sea snake skeleton (Crypt:3)
  A yaktaur (shapeshifter) (Vaults:1)
  2 iron troll zombies (Dis:5)
  55 ice devils
  6 hellwings
  3 guardian mummies
  2 anaconda simulacra
  2 catoblepas skeletons
  A ghost moth simulacrum (Coc:6)
  5 tengu conjurers
  66 tormentors
  2 ancient zymes
  5 harpy zombies
  7 silent spectres
  A spectral harpy (Crypt:3)
  13 trolls
  A minotaur zombie (Geh:7)
  42 red devils
  49 jumping spiders
  A shadow dragon simulacrum (Coc:1)
  A purple draconian skeleton (Crypt:3)
  2 iron troll skeletons (Dis:5)
  10 polar bears
  17 hydra skeletons
  A raiju (shapeshifter) (Vaults:4)
  A merfolk (shapeshifter) (Zig:7)
  6 giant leeches
  13 bog bodies
  30 two-headed ogres
  A wolf spider simulacrum (IceCv)
  A wind drake (shapeshifter) (Depths:4)
  9 boulder beetles
  15 ettin zombies
  14 raiju
  23 blink frogs
  11 fire dragon zombies
  A fire giant simulacrum (Vaults:3)
  83 slime creatures
  12 ice dragon zombies
  8 spriggan zombies
  6 harpy skeletons
  A guardian serpent zombie (Crypt:1)
  14 alligator zombies
  A hornet zombie (D:15)
  2 frost giant simulacra
  A deep troll zombie (Hell)
  A minotaur skeleton (Geh:1)
  4 iron dragon simulacra
  A snapping turtle (shapeshifter) (Elf:3)
  2 stone giant simulacra
  12 ettin skeletons
  3 black mamba zombies
  344 flying skulls
  2 wyverns
  12 ice dragon skeletons
  126 redbacks
  A spriggan (shapeshifter) (Vaults:1)
  8 air elementals
  A redback (shapeshifter) (D:13)
  11 spriggans
  18 water elementals
  38 tarantellas
  3 elf skeletons
  8 fire dragon skeletons
  9 ynoxinuls
  Eustachio (D:6)
  A griffon skeleton (Crypt:1)
  14 fire bats
  77 shadows
  9 alligator skeletons
  47 yaks
  83 wraiths
  2 yaks (shapeshifter)
  2 vampires
  2 black mamba skeletons
  A basilisk (shapeshifter) (Vaults:3)
  55 fire elementals
  10 golden eyes
  7 basilisks
  A hog (shapeshifter) (Vaults:4)
  5 neqoxecs
  37 vampire mosquitoes
  Menkaure (D:5)
  4 chaos spawn
  Grum (D:11)
  16 hungry ghosts
  A yaktaur simulacrum (Vaults:3)
  A harpy simulacrum (Coc:3)
  15 hippogriffs
  A merfolk zombie (Crypt:3)
  11 insubstantial wisps
  18 spatial vortices
  2 swamp worms (shapeshifter)
  2 wargs
  Edmund (D:5)
  3 mottled dragons
  2 nagas (Abyss:3)
  13 soldier ants (Lair:5)
  13 swamp worms
  134 hell hounds
  A soldier ant (shapeshifter) (Abyss:3)
  23 water moccasins
  10 porcupines
  19 spiny frog zombies
  Duvessa (D:5)
  2 giant eyeballs
  A deep troll skeleton (Crypt:3)
  3 hydra simulacra
  58 orc warriors
  An infernal demonspawn skeleton (Tar:4)
  2 black bears
  A sky beast (shapeshifter) (Vaults:4)
  16 wasps
  6 elf zombies
  A black bear (shapeshifter) (Depths:3)
  26 ice beasts
  5 spiny frog skeletons
  11 swamp drakes
  8 snapping turtle zombies
  An ettin simulacrum (Coc:5)
  4 manticore zombies
  43 necrophages
  6 sky beasts
  15 wolves
  4 slaves (D:7)
  11 snapping turtle skeletons
  2 alligator simulacra
  9 eyes of draining
  16 phantoms
  6 swamp dragon zombies
  11 boggarts
  A wasp (shapeshifter) (D:15)
  63 ogres
  A blink frog zombie (Crypt:2)
  4 swamp dragon skeletons
  3 manticore skeletons
  16 crocodiles
  27 centaurs
  The ghost of Mulkerokala the Insei, an amateur HuWn of Hepliaklqana (D:3)
  2 big kobolds
  5 earth elementals
  A yaktaur zombie (Crypt:2)
  24 giant frogs
  A glowing shapeshifter simulacrum (Vaults:4)
  3 spiny frog simulacra
  Dowan (D:5)
  2 troll zombies
  A wyvern skeleton (D:13)
  5 scorpions
  165 wights
  2 elephant simulacra (IceCv)
  16 killer bees
  A yak skeleton (Crypt:2)
  6 electric eels
  A raiju skeleton (Crypt:3)
  10 howler monkeys
  A spriggan skeleton (Tar:7)
  A human simulacrum (Vaults:2)
  14 crimson imps
  4 draconian simulacra (IceCv)
  A soldier ant zombie (Crypt:3)
  2 giant frog zombies
  2 quasits
  10 hounds
  25 orc wizards
  24 orc priests
  7 centaur skeletons
  A demonspawn zombie (Crypt:3)
  12 iguanas
  31 jellies
  A gnoll shaman (D:10)
  39 iron imps
  4 human zombies
  Terence (D:2)
  A spriggan simulacrum (IceCv)
  35 worker ants
  5 troll simulacra (IceCv)
  18 sheep
  A wolf simulacrum (IceCv)
  A naga zombie (Tar:5)
  2 centaur simulacra
  2 hound zombies
  2 ogre skeletons
  3 naga skeletons
  16 mummies
  A worker ant zombie (D:10)
  10 gnolls
  A howler monkey skeleton (D:7)
  3 ogre simulacra (IceCv)
  11 adders
  6 naga simulacra (IceCv)
  51 river rats
  31 shadow imps
  46 white imps
  2 ufetubi
  5 oozes (D:8)
  An adder zombie (Crypt:3)
  3 iguana zombies
  An adder skeleton (D:4)
  A halfling skeleton (Crypt:1)
  8 worms
  A dart slug (D:2)
  6 giant geckos
  88 orcs
  3 ball pythons
  9 giant cockroaches
  15 goblins
  4 hobgoblins
  A hobgoblin (shapeshifter) (Vaults:4)
  14 jackals
  4 quokkas
  3 bats
  A giant gecko skeleton (Crypt:2)
  3 giant newts
  3 jackal skeletons
  23 kobolds
  A kobold skeleton (Dis:1)
  An orc skeleton (Geh:1)
  3 orc zombies
  A quokka skeleton (D:9)
  A quokka zombie (D:8)
  9 rats
  A spectral orc (D:9)
  9 briar patches (Swamp:4)
  8 crawling corpses
  7 fire vortices
  11 fungi
  2 lurking horrors (Abyss:2)
  9 plants
  A starspawn tentacle (Abyss:1)
  10 tentacles
6348 creatures vanquished.

Vanquished Creatures (others)
  Dispater (Dis:7)
  Nikola (Vaults:3)
  An iron giant (Dis:7)
  2 deep elf master archers (Elf:3)
  2 eldritch tentacles
  A ghost moth (Spider:4)
  A deep elf sorcerer (Elf:3)
  An ironheart preserver (Vaults:1)
  An elemental wellspring (Coc:4)
  A white draconian (Zot:3)
  A deep elf death mage (Elf:3)
  A deep elf high priest (Elf:3)
  A rakshasa (Zig:6)
  A hydra (Swamp:4)
  A spriggan berserker (Depths:3)
  2 hell hogs
  A spatial maelstrom (Abyss:3)
  2 necromancers
  A lindwurm (Swamp:4)
  An orb spider (Spider:4)
  A stone giant zombie (Dis:7)
  A centaur zombie (D:15)
  A freezing wraith (Coc:7)
  A tengu conjurer (D:14)
  A hydra zombie (Coc:7)
  2 jumping spiders
  A polar bear (Lair:8)
  A slime creature (Slime:6)
  An ettin zombie (Coc:7)
  A raiju (Abyss:2)
  A fire dragon skeleton (Geh:7)
  An air elemental (Elf:1)
  3 flying skulls
  2 redbacks
  A hell hound (Dis:7)
  2 orc warriors (Orc:2)
  A centaur (D:14)
  A wight (Geh:1)
  An orc priest (Elf:1)
  An orc (Elf:1)
  4 briar patches (Swamp:4)
  2 crawling corpses
  205 eldritch tentacle segments
  A fire vortex (Volcano)
  7 fungi
  7 lost souls
  2 lurking horrors (Abyss:3)
  12 plants
  9 starspawn tentacles
  49 starspawn tentacle segments
  23 tentacles
  1218 tentacle segments
1588 creatures vanquished.

Grand Total: 7936 creatures vanquished

Notes
Turn   | Place    | Note
--------------------------------------------------------------
     0 | D:1      | Pfff the Minotaur Fighter began the quest for the Orb.
     0 | D:1      | Reached XP level 1. HP: 19/19 MP: 0/0
   108 | D:1      | Reached XP level 2. HP: 27/27 MP: 1/1
   715 | D:2      | Reached XP level 3. HP: 31/33 MP: 2/2
   738 | D:2      | Noticed Terence
   747 | D:2      | Killed Terence
   747 | D:2      | Reached skill level 1 in Dodging
   897 | D:2      | Reached XP level 4. HP: 40/41 MP: 3/3
  1312 | D:2      | You fall through a shaft!
  1321 | D:3      | Reached XP level 5. HP: 43/47 MP: 4/4
  1409 | D:3      | Found a shimmering altar of Xom.
  1427 | D:3      | Found a glowing silver altar of Zin.
  1428 | D:3      | Noticed an angel
  1717 | D:2      | Found a glowing golden altar of the Shining One.
  1813 | D:3      | Found a hazy altar of Hepliaklqana.
  1823 | D:3      | Noticed Mulkerokala's ghost (amateur HuWn)
  1832 | D:3      | Killed Mulkerokala's ghost
  1832 | D:3      | Reached skill level 5 in Fighting
  1985 | D:3      | Reached skill level 1 in Spellcasting
  1985 | D:3      | Reached XP level 6. HP: 56/56 MP: 6/6
  2681 | D:4      | Found a shattered altar of Ashenzari.
  2970 | D:5      | Entered Level 5 of the Dungeon
  2970 | D:5      | Noticed Dowan
  2972 | D:5      | Noticed Duvessa
  2973 | D:5      | Noticed a sky beast
  2976 | D:5      | Killed Duvessa
  2976 | D:5      | Reached skill level 5 in Axes
  2976 | D:5      | Reached XP level 7. HP: 57/62 MP: 8/8
  2980 | D:5      | Killed Dowan
  3029 | D:5      | Reached skill level 5 in Armour
  3029 | D:5      | Reached skill level 5 in Shields
  3257 | D:5      | Found an iron altar of Okawaru.
  3275 | D:5      | Became a worshipper of Warmaster Okawaru
  3377 | D:5      | Noticed Menkaure
  3382 | D:5      | Killed Menkaure
  3445 | D:5      | Noticed Edmund
  3451 | D:5      | Killed Edmund
  3451 | D:5      | Reached XP level 8. HP: 71/71 MP: 9/9
  3525 | D:6      | Found a hide-covered altar of Uskayaw.
  3543 | D:6      | Found an iron altar of Okawaru.
  3613 | D:6      | Found a staircase to the Ecumenical Temple.
  3741 | D:6      | Reached * piety under Okawaru
  3753 | D:6      | Noticed Eustachio
  3768 | D:6      | Killed Eustachio
  4185 | Temple   | Entered the Ecumenical Temple
  4872 | D:7      | Found a snail-covered altar of Cheibriados.
  5165 | D:7      | Reached ** piety under Okawaru
  5165 | D:7      | Reached XP level 9. HP: 70/80 MP: 11/11
  5274 | D:7      | Noticed Pikel
  5301 | D:7      | Killed Pikel
  5614 | D:8      | Found a flagged portal.
  5653 | Bailey   | Entered a bailey
  5660 | Bailey   | Noticed an orc warlord
  5695 | Bailey   | Reached skill level 5 in Dodging
  5947 | Bailey   | Found a runed gate.
  5952 | Bailey   | Found a runed gate.
  5952 | Bailey   | Found a runed gate.
  5961 | Bailey   | Killed an orc warlord
  5961 | Bailey   | Reached *** piety under Okawaru
  5961 | Bailey   | Reached XP level 10. HP: 91/91 MP: 11/13
  6020 | Bailey   | Reached **** piety under Okawaru
  6267 | D:8      | Found a sparkling altar of Nemelex Xobeh.
  6817 | D:8      | Found a burning altar of Makhleb.
  6993 | D:8      | Reached skill level 10 in Fighting
  7139 | D:8      | Reached skill level 10 in Axes
  7176 | D:8      | Found a staircase to the Lair.
  7598 | D:9      | Reached ***** piety under Okawaru
  7733 | D:9      | Found a basalt altar of Yredelemnul.
  7993 | D:9      | Found an opulent altar of Gozag.
  8049 | D:9      | Received a gift from Okawaru
  8126 | D:9      | Reached XP level 11. HP: 77/101 MP: 15/15
  8427 | D:10     | Entered Level 10 of the Dungeon
  8454 | D:10     | Found a deep blue altar of Sif Muna.
  8462 | D:10     | Found a staircase to the Orcish Mines.
  8516 | D:10     | Noticed a hill giant
  8524 | D:10     | Killed a hill giant
  8750 | D:10     | Gained mutation: Your flesh is heat resistant. (rF+) [potion of beneficial mutation]
  8751 | D:10     | Gained mutation: Your flesh is very heat resistant. (rF++) [potion of beneficial mutation]
  8828 | D:10     | Got a warped quarterstaff
  9325 | D:10     | Identified the +7 quarterstaff "Transmigrator" {crush, Int-5 Dex+5} (You found it on level 10 of the Dungeon)
  9858 | Lair:1   | Entered Level 1 of the Lair of Beasts
 10068 | Lair:1   | Found a dark tunnel.
 10080 | Volcano  | Entered a volcano
 10120 | Volcano  | Noticed a lindwurm
 11150 | Lair:2   | Reached ****** piety under Okawaru
 11185 | Lair:2   | Noticed a griffon
 11192 | Lair:2   | Killed a griffon
 11197 | Lair:2   | Received a gift from Okawaru
 11197 | Lair:2   | Reached XP level 12. HP: 112/112 MP: 17/17
 11351 | Lair:2   | Noticed Gastronok
 11365 | Lair:2   | Killed Gastronok
 11843 | Lair:2   | Found an oddly glowing altar of Pakellas.
 12216 | Lair:2   | Reached skill level 1 in Evocations
 13223 | Lair:3   | Reached skill level 10 in Shields
 13358 | Lair:3   | Got a heavily runed brass ring
 13385 | Lair:3   | Reached skill level 5 in Spellcasting
 13856 | Lair:4   | Received a gift from Okawaru
 13946 | Lair:4   | Identified Vocloraom's Guide on the Birds and Clay
 14185 | Lair:4   | Found a hole to the Spider Nest.
 14284 | Lair:4   | Identified the ring of Hiciurgh {rC+ Dex+5 Slay-4} (You found it on level 3 of the Lair of Beasts)
 14383 | Lair:4   | Reached XP level 13. HP: 105/119 MP: 19/19
 14424 | Lair:4   | Reached skill level 10 in Armour
 14834 | Lair:5   | Found a staircase to the Swamp.
 14854 | Lair:5   | Learned a level 1 spell: Apportation
 16626 | Lair:7   | Received a gift from Okawaru
 16639 | Lair:7   | Found a staircase to the Slime Pits.
 16640 | Lair:7   | Found a viscous altar of Jiyva.
 16751 | Lair:7   | Reached skill level 5 in Evocations
 17000 | Lair:7   | Identified a scroll of acquirement
 17003 | Lair:7   | Got a jewelled large shield
 17014 | Lair:7   | Identified the +0 large shield of Plasticity {*Confuse rCorr Dex+8} (You acquired it on level 7 of the Lair of Beasts)
 17262 | Lair:7   | Reached skill level 1 in Invocations
 17802 | Lair:8   | Entered Level 8 of the Lair of Beasts
 17884 | Lair:8   | Reached XP level 14. HP: 132/132 MP: 21/21
 18334 | Lair:8   | Got an ichor-stained mace
 18335 | Lair:8   | Identified the +3 mace "Untodych" {flame, rC++ MP+9} (You found it on level 8 of the Lair of Beasts)
 19154 | Lair:8   | Received a gift from Okawaru
 19413 | Lair:8   | Reached skill level 10 in Dodging
 19422 | Lair:8   | Got a bloodstained battleaxe
 19424 | Lair:8   | Got a scorched morningstar
 19590 | Lair:8   | Identified the +6 morningstar of Abomination {pain, Stlth+} (You found it on level 8 of the Lair of Beasts)
 20036 | D:11     | Identified the +1 battleaxe "Paecs" {antimagic, MR+ Str+4} (You found it on level 8 of the Lair of Beasts)
 20146 | D:11     | Got a glittering glass ring
 20148 | D:11     | Identified the ring of the Tuna {Int+2 SInv} (You found it on level 11 of the Dungeon)
 20171 | D:11     | Noticed Josephine
 20187 | D:11     | Killed Josephine
 20237 | D:11     | Noticed Psyche
 20246 | D:11     | Killed Psyche
 20303 | D:11     | Reached skill level 15 in Axes
 20931 | D:11     | Noticed Grum
 20943 | D:11     | Killed Grum
 21432 | D:12     | Reached skill level 15 in Fighting
 21626 | D:12     | Received a gift from Okawaru
 21629 | D:12     | Got a faintly glowing executioner's axe {god gift}
 21630 | D:12     | Identified the +2 executioner's axe of the Silent Majority {antimagic, *Contam +Inv rN+ Str+6} (Okawaru gifted it to you on level 12 of the Dungeon)
 22222 | D:13     | Found a gate to the Vaults.
 22670 | D:13     | Found a frozen archway.
 22682 | IceCv    | Entered an ice cave
 22995 | IceCv    | Found an ancient bone altar of Kikubaaqudgha.
 23004 | IceCv    | Reached XP level 15. HP: 139/141 MP: 23/23
 23769 | D:13     | Received a gift from Okawaru
 23772 | D:13     | Got an ichor-stained shield {god gift}
 23773 | D:13     | Identified the +0 shield "Vexeadene" {rPois} (Okawaru gifted it to you on level 13 of the Dungeon)
 24547 | D:14     | Reached skill level 1 in Ice Magic
 25071 | D:14     | Noticed Sonja
 25079 | D:14     | Killed Sonja
 25348 | D:15     | Entered Level 15 of the Dungeon
 25519 | D:15     | Found a snail-covered altar of Cheibriados.
 25519 | D:15     | Found a shattered altar of Ashenzari.
 25520 | D:15     | Found a bloodstained altar of Trog.
 25592 | D:15     | Received a gift from Okawaru
 25634 | D:15     | Noticed a sphinx
 25659 | D:15     | Noticed a fire giant
 25675 | D:15     | Killed a sphinx
 25676 | D:15     | Killed a fire giant
 25785 | D:15     | Identified the Volume of Supportive Poison
 25915 | D:15     | Noticed a tengu reaver
 25924 | D:15     | Killed a tengu reaver
 26163 | D:15     | Received a gift from Okawaru
 26163 | D:15     | Reached XP level 16. HP: 136/151 MP: 25/25
 26172 | D:15     | Got an encrusted great mace {god gift}
 26173 | D:15     | Identified the +1 great mace "Loepoese" {elec, Dex+4} (Okawaru gifted it to you on level 15 of the Dungeon)
 26668 | D:15     | Found a staircase to the Depths.
 26874 | D:15     | Received a gift from Okawaru
 27225 | Orc:1    | Entered Level 1 of the Orcish Mines
 27431 | Orc:1    | Noticed Urug
 27433 | Orc:1    | Noticed Erica
 27439 | Orc:1    | Killed Urug
 27444 | Orc:1    | Killed Erica
 27587 | Orc:2    | Entered Level 2 of the Orcish Mines
 28115 | Orc:2    | Found Funoddel's Distillery.
 28124 | Orc:2    | Reached skill level 5 in Ice Magic
 28165 | Orc:2    | Found Himme's Gadget Shoppe.
 28588 | Orc:2    | Found Wuojanau's Magic Scroll Shoppe.
 28592 | Orc:2    | Found Eplunwat's Distillery.
 28640 | Orc:2    | Bought a potion of curing for 42 gold pieces
 28640 | Orc:2    | Bought a potion of curing for 42 gold pieces
 28640 | Orc:2    | Bought a potion of heal wounds for 70 gold pieces
 28640 | Orc:2    | Bought a potion of heal wounds for 70 gold pieces
 28643 | Orc:2    | Bought a scroll of teleportation for 36 gold pieces
 28643 | Orc:2    | Bought a scroll of teleportation for 36 gold pieces
 28643 | Orc:2    | Bought a scroll of blinking for 90 gold pieces
 28643 | Orc:2    | Bought a scroll of acquirement for 624 gold pieces
 28643 | Orc:2    | Bought a scroll of recharging for 114 gold pieces
 28643 | Orc:2    | Bought a scroll of identify for 24 gold pieces
 28654 | Orc:2    | Bought a potion of might for 40 gold pieces
 28654 | Orc:2    | Bought a potion of haste for 100 gold pieces
 28654 | Orc:2    | Bought a potion of heal wounds for 50 gold pieces
 28654 | Orc:2    | Bought a potion of resistance for 100 gold pieces
 28654 | Orc:2    | Bought a potion of haste for 100 gold pieces
 28654 | Orc:2    | Bought a potion of haste for 100 gold pieces
 28715 | Orc:2    | Found a staircase to the Elven Halls.
 29544 | Spider:1 | Entered Level 1 of the Spider Nest
 30005 | Spider:1 | Received a gift from Okawaru
 30122 | Spider:1 | Received a gift from Okawaru
 30130 | Spider:1 | Got a pair of fine gloves {god gift}
 30173 | Spider:1 | Identified the +2 pair of gloves of the Circus Animal {rN+ MP-9 Str+8 Stlth-} (Okawaru gifted it to you on level 1 of the Spider Nest)
 30983 | Spider:1 | Reached XP level 17. HP: 161/161 MP: 18/27
 31192 | Spider:2 | Noticed Azrael
 31216 | Spider:2 | Killed Azrael
 32093 | Spider:3 | Received a gift from Okawaru
 32096 | Spider:3 | Got a pair of spiked boots {god gift}
 32102 | Spider:3 | Identified the +1 pair of boots "Famm" {rN+} (Okawaru gifted it to you on level 3 of the Spider Nest)
 32806 | Spider:4 | Entered Level 4 of the Spider Nest
 33196 | Spider:4 | Noticed Arachne
 33211 | Spider:4 | Received a gift from Okawaru
 33218 | Spider:4 | Killed Arachne
 33243 | Spider:4 | Reached XP level 18. HP: 106/172 MP: 4/28
 33437 | Spider:4 | Got a distressingly furry shadow dragon armour {god gift}
 33449 | Spider:4 | Identified the +9 shadow dragon armour of the Valley of Death {*Corrode rF+++ MR++ SInv Stlth++++} (Okawaru gifted it to you on level 4 of the Spider Nest)
 33603 | Spider:4 | Noticed Louise
 33621 | Spider:4 | Killed Louise
 34351 | Spider:4 | Got a gossamer rune of Zot
 34698 | Swamp:1  | Entered Level 1 of the Swamp
 36114 | Swamp:3  | Received a gift from Okawaru
 36812 | Swamp:4  | Entered Level 4 of the Swamp
 37111 | Swamp:4  | Got a decaying rune of Zot
 38056 | Vaults:1 | Entered Level 1 of the Vaults
 38073 | Vaults:1 | Reached skill level 15 in Shields
 38073 | Vaults:1 | Reached XP level 19. HP: 182/182 MP: 21/30
 38116 | Vaults:1 | Received a gift from Okawaru
 38119 | Vaults:1 | Got a fine war axe {god gift}
 38265 | Vaults:1 | Identified the +2 war axe of Scorn {freeze, +Fly} (Okawaru gifted it to you on level 1 of the Vaults)
 38478 | Vaults:1 | Got a pair of smoking gloves
 38479 | Vaults:1 | Identified the +2 pair of gloves "Pomefun" {rElec rPois Regen+ Int+4} (You found it on level 1 of the Vaults)
 38552 | Vaults:1 | Found Hoagymuk's Book Shoppe.
 38906 | Vaults:1 | Received a gift from Okawaru
 38909 | Vaults:1 | Noticed a Tzitzimitl
 38937 | Vaults:1 | Got a faintly humming shield {god gift}
 38982 | Vaults:1 | Identified the +5 shield "Juoluet" {Str+4 Int+7 Dex+4} (Okawaru gifted it to you on level 1 of the Vaults)
 39550 | Vaults:2 | Identified Zel Vup's Disquisition on Venom
 40686 | Vaults:2 | Identified the Papyrus of the Entourage
 40890 | Vaults:2 | Reached skill level 10 in Ice Magic
 40969 | Vaults:2 | Received a gift from Okawaru
 41006 | Vaults:2 | Identified Jufe's Reference Book on Hexes
 41035 | Vaults:2 | Identified a +0 pair of boots of running (Okawaru gifted it to you on level 2 of the Vaults)
 41307 | Vaults:2 | Reached XP level 20. HP: 181/193 MP: 23/32
 41321 | Vaults:2 | Identified the Papyrus of the Mountains
 41466 | Vaults:2 | Found a staircase to the Crypt.
 41466 | Vaults:2 | Found an ancient bone altar of Kikubaaqudgha.
 41467 | Vaults:2 | Found a basalt altar of Yredelemnul.
 41634 | Vaults:3 | Noticed Nikola
 41643 | Vaults:3 | Killed Nikola
 41797 | Vaults:3 | Reached skill level 15 in Armour
 42247 | Vaults:3 | Received a gift from Okawaru
 42254 | Vaults:3 | Got a scorched morningstar {god gift}
 42255 | Vaults:3 | Identified the +10 morningstar of Untruth {crush, +Inv Dex+2} (Okawaru gifted it to you on level 3 of the Vaults)
 42349 | Vaults:3 | Noticed Xtahua
 42355 | Vaults:3 | Killed Xtahua
 42640 | Vaults:3 | Noticed Jorgrun
 42648 | Vaults:3 | Killed Jorgrun
 42809 | Vaults:3 | Received a gift from Okawaru
 42962 | Vaults:3 | Got a translucent garnet amulet
 42963 | Vaults:3 | Identified the amulet of the Immovable Runes {Gourm rPois MR++ Dex+4} (You found it on level 3 of the Vaults)
 43107 | Vaults:3 | Received a gift from Okawaru
 43118 | Vaults:3 | Got a pair of fine gloves {god gift}
 43260 | Vaults:3 | Identified the +0 pair of gloves "Bomop" {+Inv rPois MR- Str+7} (Okawaru gifted it to you on level 3 of the Vaults)
 43549 | Vaults:4 | Reached XP level 21. HP: 203/203 MP: 24/33
 43769 | Vaults:4 | Noticed Margery
 43781 | Vaults:4 | Killed Margery
 44091 | Vaults:4 | Received a gift from Okawaru
 45514 | Vaults:5 | Entered Level 5 of the Vaults
 45514 | Vaults:5 | Noticed a golden dragon
 45520 | Vaults:5 | Noticed a golden dragon
 45534 | Vaults:5 | Killed a golden dragon
 45538 | Vaults:5 | Noticed a golden dragon
 45538 | Vaults:5 | Killed a golden dragon
 45561 | Vaults:5 | Killed a golden dragon
 45561 | Vaults:5 | Reached skill level 10 in Spellcasting
 45564 | Vaults:5 | Received a gift from Okawaru
 46101 | Vaults:5 | Reached XP level 22. HP: 214/214 MP: 26/35
 46360 | Vaults:5 | Found Ymiricua's Antique Armour Boutique.
 46579 | Vaults:5 | Got a translucent cloak
 46591 | Vaults:5 | Identified the +2 cloak of the Armoured One {rN++} (You found it on level 5 of the Vaults)
 46629 | Vaults:5 | Received a gift from Okawaru
 46684 | Vaults:5 | Noticed an ancient lich
 46704 | Vaults:5 | Killed an ancient lich
 46713 | Vaults:5 | Got a pair of shimmering gloves {god gift}
 46714 | Vaults:5 | Identified the +5 pair of gloves of Imoewoa {rF+ Stlth+} (Okawaru gifted it to you on level 5 of the Vaults)
 47130 | Vaults:5 | Noticed a golden dragon
 47141 | Vaults:5 | Killed a golden dragon
 47193 | Vaults:5 | Got a pitted trident {flame}
 47194 | Vaults:5 | Identified the +9 trident of the Two Names {flame, +Fly rElec Str-2 Dex+5} (You took it off a deep elf demonologist on level 5 of the Vaults)
 47251 | Vaults:5 | Noticed a golden dragon
 47260 | Vaults:5 | Killed a golden dragon
 47273 | Vaults:5 | Identified the Reference Book on Bewitching Confrontation
 47336 | Vaults:5 | Got a glittering ivory ring
 47339 | Vaults:5 | Identified the ring of Onkucrin {Fire Str+5 Stlth+} (You took it off an orc warrior on level 5 of the Vaults)
 47349 | Vaults:5 | Identified the Catalogue of Creative Good Luck
 47427 | Vaults:5 | Noticed an ancient lich
 47443 | Vaults:5 | Killed an ancient lich
 47621 | Vaults:5 | Identified Plog's Almanac of Igneous Good Luck
 47746 | Vaults:5 | Got a silver rune of Zot
 47784 | Vaults:5 | Reached skill level 15 in Dodging
 48755 | Lair:2   | Learned a level 6 spell: Freezing Cloud
 49011 | Crypt:1  | Entered Level 1 of the Crypt
 49022 | Crypt:1  | Reached XP level 23. HP: 224/224 MP: 27/36
 49132 | Crypt:1  | Received a gift from Okawaru
 49208 | Crypt:1  | You fall through a shaft!
 49777 | Crypt:2  | Noticed Donald
 49793 | Crypt:2  | Killed Donald
 50487 | Crypt:3  | Entered Level 3 of the Crypt
 50545 | Crypt:3  | Received a gift from Okawaru
 50659 | Crypt:3  | Noticed a greater mummy
 50660 | Crypt:3  | Noticed a greater mummy
 50670 | Crypt:3  | Killed a greater mummy
 50676 | Crypt:3  | Killed a greater mummy
 50790 | Crypt:3  | Noticed Khufu
 50799 | Crypt:3  | Killed Khufu
 50891 | Crypt:3  | Noticed Mara
 50897 | Crypt:3  | Noticed Pfff's illusion
 50908 | Crypt:3  | Killed Mara
 50960 | Crypt:3  | Found a staircase to the Tomb.
 51008 | Crypt:3  | Noticed Jory
 51039 | Crypt:3  | Received a gift from Okawaru
 51510 | Crypt:3  | Found an ancient bone altar of Kikubaaqudgha.
 51526 | Crypt:3  | Identified the Disquisition on Cloudy Enchantment
 51724 | Crypt:3  | Received a gift from Okawaru
 52118 | Crypt:3  | Got a coiled granite ring
 52119 | Crypt:3  | Identified the ring of the Evil One {rC+ rN+ MR- Str+4} (You took it off an orc on level 3 of the Crypt)
 52157 | Crypt:3  | Got a slimy brass ring
 52158 | Crypt:3  | Identified the ring "Govvol" {rPois rN+ MP+9 Dex+2} (You found it on level 3 of the Crypt)
 52258 | Crypt:3  | Noticed Saint Roka
 52291 | Crypt:3  | Killed Saint Roka
 52291 | Crypt:3  | Reached XP level 24. HP: 124/231 MP: 27/36
 52582 | Crypt:3  | Killed Jory
 52872 | Elf:1    | Entered Level 1 of the Elven Halls
 52918 | Elf:1    | Found Mackiug's Food Shoppe.
 53036 | Elf:1    | Reached skill level 1 in Hexes
 53069 | Elf:1    | Noticed Roxanne
 53072 | Elf:1    | Found Equs's Armour Emporium.
 53088 | Elf:1    | Killed Roxanne
 53134 | Elf:1    | Found Codiaz's Gadget Boutique.
 53190 | Elf:1    | Found Ninihulatri's Jewellery Emporium.
 53282 | Elf:1    | Found Qaac's Jewellery Shoppe.
 53937 | Elf:1    | Got a fine pewter amulet
 53939 | Elf:1    | Identified the amulet of Vytodd {Faith -Tele +Fly Int+9} (You took it off a deep elf archer on level 1 of the Elven Halls)
 53944 | Elf:1    | Got a steaming plate armour
 53967 | Elf:1    | Identified the +6 plate armour of Midwinter {rF+ Str+3} (You took it off a deep elf high priest on level 1 of the Elven Halls)
 54263 | Elf:2    | Noticed Bronet's ghost (adept SpEn)
 54283 | Elf:2    | Killed Bronet's ghost
 54361 | Elf:2    | Found a runed gate.
 54361 | Elf:2    | Found a runed gate.
 54361 | Elf:2    | Found a runed gate.
 54467 | Elf:2    | Cast into level 2 of the Abyss (halberd of distortion)
 54547 | Abyss:2  | Received a gift from Okawaru
 54867 | Abyss:2  | Paralysed by accursed screaming for 1 turns
 54933 | Elf:2    | Escaped the Abyss
 55817 | Elf:3    | Entered Level 3 of the Elven Halls
 56261 | Elf:3    | Found Wotaypnu's Assorted Antiques.
 56275 | Elf:3    | Bought a scroll of identify for 64 gold pieces
 56275 | Elf:3    | Bought a scroll of magic mapping for 112 gold pieces
 56275 | Elf:3    | Bought a scroll of enchant armour for 240 gold pieces
 56830 | Elf:3    | Received a gift from Okawaru
 56888 | Elf:3    | Reached XP level 25. HP: 160/241 MP: 28/37
 57370 | Elf:3    | Got a brightly glowing lapis lazuli ring
 57373 | Elf:3    | Identified the ring "Latoo" {+Fly rPois Dex+3 SInv} (You found it on level 3 of the Elven Halls)
 57376 | Elf:3    | Got a shimmering tin ring
 57377 | Elf:3    | Identified the ring "Fych" {+Inv Int+3 Stlth+} (You found it on level 3 of the Elven Halls)
 57409 | Elf:3    | Got a shimmering golden ring
 57410 | Elf:3    | Identified the ring of Grontol {rN+ MP+9 Int+3 Dex+2 Stlth-} (You found it on level 3 of the Elven Halls)
 57426 | Elf:3    | Got a glittering amber ring
 57427 | Elf:3    | Identified the ring "Gotsij" {*Contam rC+ Int+4 Dex+3} (You found it on level 3 of the Elven Halls)
 57440 | Elf:3    | Learned a level 3 spell: Mephitic Cloud
 57708 | Lair:2   | Learned a level 2 spell: Blink
 57711 | Lair:2   | Learned a level 2 spell: Shroud of Golubria
 57714 | Lair:2   | Learned a level 2 spell: Song of Slaying
 57848 | Slime:1  | Entered Level 1 of the Pits of Slime
 58061 | Slime:2  | Reached skill level 1 in Polearms
 58426 | Slime:2  | Reached skill level 5 in Hexes
 58484 | Slime:3  | Noticed Dissolution
 58492 | Slime:3  | Killed Dissolution
 58727 | Slime:6  | Entered Level 6 of the Pits of Slime
 58737 | Slime:6  | Received a gift from Okawaru
 58768 | Slime:6  | Noticed the Royal Jelly
 59233 | Slime:6  | Killed the Royal Jelly
 60119 | Slime:6  | Identified the Compendium of Virous Changing
 60170 | Slime:6  | Got a slimy rune of Zot
 60185 | Slime:6  | Got a transparent pewter amulet
 60335 | Slime:6  | Identified the Papyrus of Clay and Malediction
 60337 | Slime:6  | Identified the amulet of Ulod {Reflect *Contam rPois Int-5 SH+6 Stlth+} (You found it on level 6 of the Pits of Slime)
 60996 | Depths:1 | Entered Level 1 of the Depths
 61037 | Depths:1 | Found Paestridd's Gadget Shop.
 61111 | Depths:1 | Received a gift from Okawaru
 61167 | Depths:1 | Found Busim's Gadget Shoppe.
 61520 | Depths:1 | Found Bekurr's Armour Shop.
 61623 | Depths:1 | Found a one-way gate leading to the halls of Pandemonium.
 61688 | Depths:1 | Found a gateway to Hell.
 61950 | Depths:2 | Reached skill level 5 in Polearms
 62573 | Depths:2 | Reached XP level 26. HP: 252/252 MP: 28/37
 63166 | Depths:2 | Received a gift from Okawaru
 63535 | Depths:2 | Learned a level 8 spell: Necromutation
 63940 | Depths:3 | Received a gift from Okawaru
 63955 | Depths:3 | Noticed Wiglaf
 63989 | Depths:3 | Killed Wiglaf
 63990 | Depths:3 | Found an iron altar of Okawaru.
 64569 | Depths:3 | Gained mutation: You are robust. (+10% HP) [potion of beneficial mutation]
 64944 | Depths:4 | Noticed Mennas
 64959 | Depths:4 | Killed Mennas
 65191 | Depths:4 | Found Qerieb's Blood Bar.
 65716 | Depths:4 | Found a one-way gate to the infinite horrors of the Abyss.
 65880 | Depths:5 | Entered Level 5 of the Depths
 65949 | Depths:5 | Received a gift from Okawaru
 66335 | Depths:5 | Found a gate to the Realm of Zot.
 66432 | Depths:5 | Reached XP level 27. HP: 258/288 MP: 29/38
 66459 | Depths:5 | Found a gateway to a ziggurat.
 66797 | Depths:5 | Got a polished large shield
 66798 | Depths:5 | Identified the +5 large shield "Boorat" {Int+4} (You took it off a daeva on level 5 of the Depths)
 66919 | Depths:5 | Received a gift from Okawaru
 67380 | Zig:1    | Entered Level 1 of a ziggurat
 67393 | Zig:2    | Entered Level 2 of a ziggurat
 67423 | Zig:3    | Entered Level 3 of a ziggurat
 67462 | Zig:4    | Entered Level 4 of a ziggurat
 67512 | Zig:5    | Entered Level 5 of a ziggurat
 67578 | Zig:6    | Entered Level 6 of a ziggurat
 67581 | Zig:6    | Noticed Beraakh the pandemonium lord
 67591 | Zig:6    | Killed Beraakh the pandemonium lord
 67620 | Zig:6    | Got a pair of brightly glowing boots
 67621 | Zig:6    | Identified the +1 pair of boots "Nin Punn" {rElec Int+4 Dex+3} (You found it on level 6 of a ziggurat)
 68069 | Zig:7    | Entered Level 7 of a ziggurat
 68072 | Zig:7    | Noticed Nooleta the pandemonium lord
 68073 | Zig:7    | Noticed Lainalad the pandemonium lord
 68106 | Zig:7    | Killed Nooleta the pandemonium lord
 68119 | Zig:7    | Killed Lainalad the pandemonium lord
 68293 | Zig:8    | Entered Level 8 of a ziggurat
 68314 | Zig:8    | Received a gift from Okawaru
 68528 | Zig:9    | Entered Level 9 of a ziggurat
 68593 | Zig:9    | Got a brightly glowing amber ring
 68594 | Zig:9    | Identified the ring of Ydyfre {rC+ Str+4 Stlth+} (You found it on level 9 of a ziggurat)
 68602 | Zig:9    | Got a smoking steel ring
 68603 | Zig:9    | Identified the ring "Ahe Muog" {rC+++ rN+++ Int-4 Dex-3 Stlth-} (You found it on level 9 of a ziggurat)
 68606 | Zig:9    | Identified the Compendium of Poisonous Air
 68771 | Zig:10   | Entered Level 10 of a ziggurat
 68780 | Zig:10   | Noticed a juggernaut
 68801 | Zig:10   | Killed a juggernaut
 68863 | Zig:10   | Reached skill level 10 in Polearms
 68883 | Zig:10   | Learned a level 3 spell: Regeneration
 68951 | Zig:11   | Entered Level 11 of a ziggurat
 69004 | Zig:11   | Learned a level 5 spell: Silence
 69159 | Zig:12   | Entered Level 12 of a ziggurat
 69208 | Zig:12   | Paralysed by a giant eyeball for 2 turns
 69220 | Zig:12   | Paralysed by a giant eyeball for 4 turns
 69230 | Zig:12   | Paralysed by a giant eyeball for 4 turns
 69635 | Zig:13   | Entered Level 13 of a ziggurat
 69945 | Zig:13   | Learned a level 2 spell: Repel Missiles
 69956 | Zig:14   | Entered Level 14 of a ziggurat
 69980 | Zig:14   | Noticed a greater mummy
 69981 | Zig:14   | Noticed a greater mummy
 69983 | Zig:14   | Noticed a greater mummy
 69983 | Zig:14   | Noticed a greater mummy
 69983 | Zig:14   | Noticed a greater mummy
 69986 | Zig:14   | Noticed a greater mummy
 70009 | Depths:5 | Killed a greater mummy
 70015 | Depths:5 | Killed a greater mummy
 71464 | D:15     | Received a gift from Okawaru
 71467 | D:15     | Got a bloodstained crystal plate armour {god gift}
 71468 | D:15     | Identified the +9 crystal plate armour "Hiazao" {rN+++ MR+ Str+4 Int-4} (Okawaru gifted it to you on level 15 of the Dungeon)
 71600 | Zot:1    | Entered Level 1 of the Realm of Zot
 72059 | Zot:1    | Reached skill level 1 in Translocations
 72807 | Zot:2    | Reached skill level 27 in Fighting
 72953 | Zot:2    | Reached skill level 5 in Necromancy
 73365 | Zot:3    | Noticed an orb of fire
 73386 | Zot:3    | Gained mutation: Armour fits poorly on your strangely shaped body. [an orb of fire]
 73390 | Zot:3    | Killed an orb of fire
 73434 | Zot:3    | Received a gift from Okawaru
 74995 | Zot:4    | Received a gift from Okawaru
 75178 | Zot:5    | Entered Level 5 of the Realm of Zot
 75977 | Zot:5    | Noticed an ancient lich
 75984 | Zot:5    | Noticed an ancient lich
 75985 | Zot:5    | Noticed an orb of fire
 75985 | Zot:5    | Noticed an ancient lich
 75985 | Zot:5    | Noticed an ancient lich
 75988 | Zot:5    | Noticed an ancient lich
 75993 | Zot:5    | Killed an ancient lich
 76007 | Zot:5    | Killed an orb of fire
 76009 | Zot:5    | Killed an ancient lich
 76009 | Zot:5    | Received a gift from Okawaru
 76016 | Zot:5    | Noticed an orb of fire
 76016 | Zot:5    | Noticed an ancient lich
 76020 | Zot:5    | Noticed an orb of fire
 76039 | Zot:5    | Killed an orb of fire
 76046 | Zot:5    | Gained mutation: You are dopey. (Int -2) [an orb of fire]
 76052 | Zot:5    | Noticed an ancient lich
 76053 | Zot:5    | Killed an ancient lich
 76056 | Zot:5    | Killed an orb of fire
 76056 | Zot:5    | Reached skill level 5 in Translocations
 76072 | Zot:5    | Killed an ancient lich
 76150 | Zot:5    | Noticed an orb of fire
 76152 | Zot:5    | Gained mutation: Your body sometimes deteriorates upon taking damage. [an orb of fire]
 76169 | Zot:5    | Killed an orb of fire
 76193 | Zot:5    | Noticed an orb of fire
 76224 | Zot:5    | Killed an orb of fire
 76522 | Zot:5    | Killed an ancient lich
 76522 | Zot:5    | Received a gift from Okawaru
 76866 | Zot:5    | Noticed an ancient lich
 76883 | Zot:5    | Killed an ancient lich
 77026 | Zot:5    | Noticed an orb of fire
 77049 | Zot:5    | Killed an orb of fire
 77255 | Zot:5    | Noticed an ancient lich
 77259 | Zot:5    | Noticed an ancient lich
 77276 | Zot:5    | Killed an ancient lich
 77283 | Zot:5    | Killed an ancient lich
 77283 | Zot:5    | Received a gift from Okawaru
 77306 | Zot:5    | Killed an ancient lich
 77306 | Zot:5    | Reached skill level 15 in Polearms
 77353 | Zot:5    | Killed an ancient lich
 77816 | Depths:4 | Voluntarily entered the Abyss.
 78825 | Abyss:2  | Found a bloodstained altar of Trog.
 78853 | Abyss:2  | Found a bloodstained altar of Trog.
 79072 | Abyss:2  | Found a roughly hewn altar of Beogh.
 79813 | Abyss:3  | Found a corrupted altar of Lugonu.
 79819 | Abyss:3  | Got an abyssal rune of Zot
 79877 | Abyss:3  | Received a gift from Okawaru
 79935 | Abyss:3  | Found a corrupted altar of Lugonu.
 80218 | Depths:4 | Escaped the Abyss
 80530 | Hell     | Entered the Vestibule of Hell
 80530 | Hell     | Noticed Geryon
 80547 | Hell     | Killed Geryon
 80672 | Hell     | Found a gateway to the Iron City of Dis.
 80836 | Hell     | Found a gateway to the decaying netherworld of Tartarus.
 81373 | Hell     | Found a gateway to the freezing wastes of Cocytus.
 81514 | Hell     | Found a gateway to the ashen valley of Gehenna.
 81588 | Geh:1    | Entered Level 1 of Gehenna
 82449 | Geh:1    | Reached skill level 27 in Axes
 82983 | Lair:2   | Lost mutation: Armour fits poorly on your strangely shaped body. [potion of cure mutation]
 82983 | Lair:2   | Lost mutation: Your body sometimes deteriorates upon taking damage. [potion of cure mutation]
 82983 | Lair:2   | Lost mutation: You are dopey. (Int -2) [potion of cure mutation]
 82983 | Lair:2   | Lost mutation: You are robust. (+10% HP) [potion of cure mutation]
 83761 | Geh:2    | Received a gift from Okawaru
 84262 | Geh:3    | Received a gift from Okawaru
 85286 | Geh:4    | Received a gift from Okawaru
 85289 | Geh:4    | Reached skill level 10 in Necromancy
 86835 | Dis:1    | Entered Level 1 of the Iron City of Dis
 87364 | Dis:1    | Received a gift from Okawaru
 87842 | Tar:1    | Entered Level 1 of Tartarus
 88742 | Tar:1    | Received a gift from Okawaru
 89204 | Coc:1    | Entered Level 1 of Cocytus
 90419 | Hell     | Upgraded the game from 0.19-a0-496-g61814d3 to 0.19-a0-517-gd6a9987
 90769 | Geh:5    | Reached skill level 15 in Spellcasting
 90941 | Geh:5    | Received a gift from Okawaru
 91222 | Geh:5    | Reached skill level 10 in Translocations
 92311 | Geh:7    | Entered Level 7 of Gehenna
 92325 | Geh:7    | Received a gift from Okawaru
 92359 | Geh:7    | Got a smoking cloak {god gift}
 92735 | Hell     | Identified the +0 cloak of Spin the Turtle {+Fly SInv} (Okawaru gifted it to you on level 7 of Gehenna)
 94209 | Geh:7    | Received a gift from Okawaru
 94217 | Geh:7    | Got a twisted hat {god gift}
 94218 | Geh:7    | Identified the +5 hat "Lib Siylago" {Dex+4} (Okawaru gifted it to you on level 7 of Gehenna)
 94542 | Geh:7    | Noticed Asmodeus
 94573 | Geh:7    | Killed Asmodeus
 94582 | Geh:7    | Got an obsidian rune of Zot
 94585 | Geh:7    | Identified the Handbook of Ignition and the Oath
 95013 | Hell     | Upgraded the game from 0.19-a0-517-gd6a9987 to 0.19-a0-519-gb6a5606
 97403 | Coc:4    | Received a gift from Okawaru
 98835 | Coc:5    | Received a gift from Okawaru
 98838 | Coc:5    | Got a shimmering plate armour {god gift}
 98839 | Coc:5    | Identified the +12 plate armour of Creativity {rElec} (Okawaru gifted it to you on level 5 of Cocytus)
100367 | Coc:7    | Entered Level 7 of Cocytus
101220 | Coc:7    | Received a gift from Okawaru
102655 | Coc:7    | Noticed Antaeus
102704 | Coc:7    | Killed Antaeus
102704 | Coc:7    | Received a gift from Okawaru
102713 | Coc:7    | Got an icy rune of Zot
103462 | Lair:2   | Learned a level 4 spell: Passage of Golubria
104699 | Dis:2    | Received a gift from Okawaru
104756 | Dis:3    | Gained mutation: You are clumsy. (Dex -2) [a neqoxec]
106027 | Dis:4    | Received a gift from Okawaru
106208 | Dis:4    | You are sucked into a shaft!
106680 | Dis:5    | Received a gift from Okawaru
107411 | Dis:5    | Gained mutation: Your spells are a little easier to cast, but a little less powerful. [mutagenic glow]
108585 | Dis:7    | Entered Level 7 of the Iron City of Dis
108759 | Dis:7    | Received a gift from Okawaru
109388 | Dis:7    | Received a gift from Okawaru
109445 | Dis:7    | Identified the Collected Works on the Glacier and Heat
109450 | Dis:7    | Got a transparent bronze amulet
110906 | Dis:7    | Noticed the Serpent of Hell
110942 | Dis:7    | Killed the Serpent of Hell
111065 | Dis:7    | Reached skill level 27 in Armour
111097 | Dis:7    | Got a transparent tin ring
111098 | Dis:7    | Identified the amulet "Goeboph" {Faith rN+ Str+5} (You found it on level 7 of the Iron City of Dis)
111099 | Dis:7    | Identified the ring "Zasij" {rElec rF+ MP+9} (You took it off an iron imp on level 7 of the Iron City of Dis)
111107 | Dis:7    | Noticed Dispater
111170 | Dis:7    | Killed Dispater
111266 | Dis:7    | Got an iron rune of Zot
112553 | Tar:2    | Received a gift from Okawaru
112557 | Tar:2    | Got a spiked cloak {god gift}
112558 | Tar:2    | Identified the +0 cloak of Charity {rCorr Stlth+} (Okawaru gifted it to you on level 2 of Tartarus)
113152 | Tar:2    | Reached skill level 15 in Necromancy
114732 | Tar:3    | Received a gift from Okawaru
114751 | Tar:3    | Reached skill level 15 in Translocations
114799 | Tar:3    | Gained mutation: Scrolls take you a little longer to read. [mutagenic glow]
115301 | Tar:4    | Reached skill level 1 in Transmutations
115666 | Tar:4    | Gained mutation: You are very clumsy. (Dex -4) [mutagenic glow]
116676 | Tar:5    | Received a gift from Okawaru
116728 | Tar:5    | Reached skill level 5 in Transmutations
119092 | Tar:7    | Entered Level 7 of Tartarus
120848 | Tar:4    | Received a gift from Okawaru
120920 | Tar:4    | Reached skill level 10 in Transmutations
121608 | Tar:7    | Received a gift from Okawaru
121658 | Tar:7    | Noticed Ereshkigal
121713 | Tar:7    | Killed Ereshkigal
121717 | Tar:7    | HP: 9/253 [reaper/scythe of venom (31)]
121718 | Tar:7    | Killed from afar by a Tzitzimitl

Vault maps used:
D:1:      dpeg_arrival_tiny_a
D:2:      first_bread, nicolae_tso_swordbearing_angel, uniq_terence
D:3:      lemuel_crystal_altar, zin_angel, old_standard_altar,
          minmay_misc_feat_nine_boxes
D:4:      cheibrodos_ashenzari_chains
D:5:      kennysheep_okawaru_gauntlet, uniq_edmund, uniq_menkaure, uniq_duvessa
D:6:      nicolae_overflow_hidden_temple, minmay_temple_entry_glass,
          basic_altar, st_stairs_12, uniq_eustachio
D:7:      cheibriados_altar_wand_db, uniq_pikel
D:8:      kennysheep_mini_moat, lemuel_coloured_pillars_altar, lair_0_dummy,
          enter_bailey_3, hangedman_little_slice_of_home
D:9:      yredelemnul_forgotten_temple_becter,
          nicolae_gozag_cash_rules_everything_around_me
D:10:     orc_0_dummy, basic_altar
D:11:     dk_vineyard_3, uniq_josephine, uniq_psyche, uniq_grum
D:13:     david_vaults_1, portal_ice_cave_rime
D:14:     serial_bayou_shore_b, lemuel_flamethrower_2, uniq_sonja
D:15:     hangedman_slaughterboxes
Temple:   water_room_temple_b_12
Lair:1:   lightli_volcano_entry_magma_tube, beast_lair_carwin_10
Lair:2:   st_stairs_11, lemuel_oklob_altar, grunt_megastairs_5, uniq_gastronok
Lair:3:   serial_bayou_shore_b, grunt_megastairs_3
Lair:4:   nicolae_spider_entry_non_spiders, beast_lair_carwin_6
Lair:5:   swamp_mist, minmay_another_anthill, grunt_megastairs_2
Lair:6:   grunt_megastairs_1
Lair:7:   statuecave_lemuel, slime_altar_1, forest_entry_grove,
          grunt_megastairs_4
Lair:8:   due_jungle_book, ice2_lemuel
Swamp:1:  evilmike_swamp_ruin_house_3, swamp_pool2
Swamp:2:  evilmike_swamp_ruin_house_4, swamp_pool5
Swamp:3:  serial_swamp_ruin, evilmike_swamp_ruin_house_2,
          hangedman_swamp_ruin_wall, evilmike_swamp_ruin_rubble_2, swamp_pool2,
          st_swamp_ruins_3
Swamp:4:  swamp_alternative
Spider:2: uniq_azrael
Spider:3: nicolae_spider_mines_1, hangedman_spider_tarantella_strand
Spider:4: johnstein_spider_rune_arachne_lair, uniq_louise
Slime:2:  cheibrodos_slime_lost_civilization_6
Slime:3:  dissolution_awaits
Orc:1:    uniq_urug, uniq_erica
Orc:2:    st_orc_elflike, nicolae_orc_tapped_out
Elf:1:    serial_shops, shop_fountains, shop_statue, shop,
          nicolae_shop_waterfront, nicolae_shop_temple_entry_statues_fountains,
          orc_legates, uniq_roxanne
Elf:3:    minmay_elf_hall_quartered_circle, serial_shops, shop
Vaults:1: hangedman_vaults_slice, vaults_room_guarded_vault, v_misc_4,
          v_misc_19, hangedman_vaults_unwind, v_misc_1,
          nicolae_vaults_shelves_hall, ontoclasm_vaults_eye, v_alt_pattern_6,
          serial_shops, shop_coins
Vaults:2: minmay_crypt_entry_necro_gods, ontoclasm_vaults_ligature, v_misc_2,
          grunt_vaults_trifunnel, nicolae_vaults_twisting_passages, v_misc_17,
          st_cells, serial_hangedman_research, hangedman_research_convocations,
          hangedman_research_probablistics, hangedman_research_toxicology,
          hangedman_research_geology
Vaults:3: v_misc_8, nicolae_vaults_arrows, dpeg_vaults_monster_box,
          nicolae_vaults_meeting, v_misc_15, nicolae_vaults_network_barrier,
          nicolae_vaults_little_squares_5, grunt_vaults_hallway_short,
          vaults_room_corners, v_misc_5, vaults_room_boxed, uniq_jorgrun,
          uniq_nikola, uniq_xtahua
Vaults:4: v_misc_13, nicolae_vaults_lopsided_apartments, vaults_mumra_hex,
          hangedman_vaults_stretched_pinwheel, nicolae_vaults_alarming,
          vaults_dpeg_diagonal, nicolae_vaults_gold_heap,
          ontoclasm_vaults_decontamination, ontoclasm_vaults_chip, uniq_margery
Crypt:2:  st_stairs_8, uniq_donald
Crypt:3:  church_of_pain_bobbens, lemuel_freeze_loot_1, uniq_saint_roka,
          uniq_khufu, uniq_mara, uniq_jory
Depths:1: pan_entry, hangedman_tar_grid_catacomb, nrook_mini_vaults,
          serial_shops, nicolae_shop_trees, shop, shop, lemuel_flame_loot_1
Depths:2: minmay_smoke_and_mirrors, pan_entry, serial_co_window_serial,
          co_window_corner_a, co_window_of_opportunity_a, co_window_paths_a,
          co_window_paths_b, co_window_paths_a, co_window_of_opportunity_a,
          co_window_corner_a, co_window_corner_a, co_window_corner_a,
          co_window_of_opportunity_b, co_window_of_opportunity_c,
          co_window_2corner, co_window_corner_cb, co_window_2corner,
          co_window_broadway_a, co_window_corner_cb, glass_columns_a, hell_entry
Depths:3: evilmike_iron_armoury, hell_entry, pan_entry
Depths:4: kennysheep_six_static_rooms, abyss_entry_small_statue_room,
          hangedman_geh_valley, guppyfry_shop_blood, serial_bayou_shore_b,
          uniq_mennas
Depths:5: grunt_zot_entry_tricorne, enter_ziggurat_d, grunt_decor_mini_mirrors,
          pf_coc_iceberg, rand_demon_pan_entry_3
Dis:5:    hangedman_dis_monolith, hangedman_dis_decor_tower
Dis:7:    dis_st
Geh:3:    lemuel_old_faithful
Geh:5:    hangedman_generic_boss_arena
Geh:7:    geh_grunt_pentagon
Coc:7:    coc_grunt_cove
Tar:4:    nicolae_tar_cuneiform_sun
Tar:6:    nicolae_tar_cuneiform_two
Tar:7:    tar_minmay_river
Zot:1:    nicolae_zot_stationary_front
Zot:3:    st_stairs_11, lemuel_lake_of_fire
Zot:4:    grunt_ministairs_10, st_single_dragon_hoard_4
Abyss:1:  hangedman_cross_veins, evilmike_abyss_exit_glass
Abyss:3:  evilmike_abyss_rune_elephants_shrine, minivault_11
Zig:11:   ziggurat_pillar_centre_smoke
Zig:12:   ziggurat_loot_1
Bailey:   bailey_axe_bossmonster_kennysheep, bailey
IceCv:    ice_cave_small_necro
Volcano:  volcano_aerie

Skill      XL: |  1  2  3  4  5  6  7  8  9 10 11 12 13 14 15 16 17 18 19 20 21 22 23 24 25 26 27 |
---------------+----------------------------------------------------------------------------------+-----
Fighting       | 4 5 6 7 9 10 11 12 14 15 16 17 18 19 20 21 22 23 24 25 27 | 27.0
Axes           | 3 4 5 6 7 9 10 12 13 14 15 16 17 18 19 20 21 22 23 24 25 27 | 27.0
Armour         | 4 5 6 7 8 9 10 11 12 13 14 15 16 17 18 19 27 | 27.0
Dodging        | 1 2 3 4 5 6 8 9 10 11 12 13 14 15 16 17 26 | 26.5
Shields        | 4 5 6 7 8 9 10 11 12 13 14 15 16 17 18 19 25 | 25.0
Spellcasting   | 1 2 3 4 5 6 7 8 9 10 11 12 18 | 18.7
Evocations     | 3 5 |  5.0
Invocations    | 1 3 4 |  4.0
Ice Magic      | 4 6 7 8 10 11 12 13 14 | 14.0
Hexes          | 4 6 8 9 |  9.6
Polearms       | 5 8 23 | 23.2
Necromancy     | 16 | 16.8
Translocations | 15 | 15.0
Transmutations | 11 | 11.3

Action                   |  1- 3 |  4- 6 |  7- 9 | 10-12 | 13-15 | 16-18 | 19-21 | 22-24 | 25-27 || total
-------------------------+-------+-------+-------+-------+-------+-------+-------+-------+-------++-------
Melee: War axe           |    67 |   110 |   237 |       |       |       |       |       |       ||   414
       Headbutt          |     3 |    17 |    35 |   160 |   394 |   446 |   360 |   488 |  4366 ||  6269
       Broad axe         |       |       |     7 |   712 |  1251 |  1350 |  1071 |  1441 |   286 ||  6118
       Lance             |       |       |       |       |       |       |       |       | 14393 || 14393
Throw: Javelin           |       |       |     8 |       |       |       |       |       |       ||     8
 Cast: Song of Slaying   |       |       |       |       |       |       |       |       |     8 ||     8
       Regeneration      |       |       |       |       |       |       |       |       |  1988 ||  1988
       Repel Missiles    |       |       |       |       |       |       |       |       |    29 ||    29
       Shroud of Golubri |       |       |       |       |       |       |       |       |     5 ||     5
       Necromutation     |       |       |       |       |       |       |       |       |     2 ||     2
       Passage of Golubr |       |       |       |       |       |       |       |       |     1 ||     1
Invok: Finesse           |       |       |       |       |     1 |     3 |     2 |     3 |    22 ||    31
       Heroism           |       |       |       |       |       |       |     1 |       |     6 ||     7
 Abil: Evoke Flight      |       |       |       |       |     1 |       |       |       |       ||     1
       Evoke Berserk Rag |       |       |       |       |       |       |       |       |     4 ||     4
Evoke: Wand              |       |       |       |       |     3 |       |       |     2 |    33 ||    38
  Use: Scroll            |     3 |     4 |    10 |    20 |    18 |    15 |     9 |    16 |    56 ||   151
       Potion            |       |     1 |     5 |     6 |    10 |    14 |    10 |    11 |    43 ||   100
 Stab: Invisible         |       |       |       |       |     2 |       |       |     7 |    13 ||    22
       Paralysed         |       |       |       |       |     1 |       |       |       |       ||     1
       Sleeping          |       |       |       |       |       |     3 |     3 |       |    27 ||    33
       Distracted        |       |       |       |       |       |       |     3 |     6 |    23 ||    32
       Petrifying        |       |       |       |       |       |       |     1 |       |       ||     1
       Petrified         |       |       |       |       |       |       |     1 |       |       ||     1
  Eat: Chunk             |       |     5 |    10 |    26 |    33 |    23 |    39 |    35 |   144 ||   315
       Pizza             |       |     1 |       |       |     5 |       |     2 |       |     7 ||    15
       Fruit             |       |       |       |     2 |       |    17 |       |     5 |     5 ||    29
       Beef jerky        |       |       |       |       |     1 |     2 |     1 |       |     9 ||    13
       Royal jelly       |       |       |       |       |       |     1 |       |       |    20 ||    21
       Meat ration       |       |       |       |       |       |       |       |       |     7 ||     7
       Bread ration      |       |       |       |       |       |       |       |       |     4 ||     4
Armor: Scale mail        |    13 |       |       |       |       |       |       |       |       ||    13
       Chain mail        |    12 |    46 |    97 |    97 |       |       |       |       |       ||   252
       Plate armour      |       |       |       |   228 |   415 |   293 |       |       |       ||   936
       Shadow dragon arm |       |       |       |       |       |   140 |   163 |   162 |  1199 ||  1664
Dodge: Dodged            |    15 |    35 |    91 |   216 |   402 |   651 |   373 |   447 |  3707 ||  5937
       Deflected         |       |       |       |       |       |       |       |       |    48 ||    48
Block: Shield            |    41 |    42 |   165 |   428 |   187 |       |   611 |   897 |  7488 ||  9859
       Large shield      |       |       |       |       |   890 |  1333 |   176 |       |       ||  2399
